 Dungeon Crawl Stone Soup version 0.25-a0-294-gea9b1ad378 (webtiles) character file.

Game seed: 3817277457647423610, levelgen mode: deterministic

394 MoonlitKnight the Covert (level 6, 0/28 HPs)
             Began as a Spriggan Enchanter on Dec 18, 2019.
             Slain by a big kobold zombie (4 damage)
             ... in an ossuary.
             The game lasted 00:09:23 (3882 turns).

MoonlitKnight the Covert (Spriggan Enchanter)       Turns: 3882, Time: 00:09:24

Health: 0/28       AC:  2    Str:  4    XL:     6   Next: 52%
Magic:  13/13      EV: 21    Int: 17    God:
Gold:   136        SH:  0    Dex: 18    Spells: 4/13 levels left

rFire    . . .     SeeInvis +   a - +1 dagger
rCold    . . .     Gourm    .   (shield restricted)
rNeg     . . .     Faith    .   b - +0 robe
rPois    .         Spirit   .   (helmet restricted)
rElec    .         Reflect  .   q - scarf {cloud immunity}
rCorr    .         Harm     .   (gloves unavailable)
MR       +....                  (boots unavailable)
Stlth    ++++......             (no amulet)
HPRegen  0.09/turn              (no ring)
MPRegen  0.13/turn              (no ring)

@: very quick
A: very small, unfitting armour, see invisible, herbivore, speed 3, slow
metabolism 2
a: no special abilities


You were in an ossuary.
You were not hungry.

You visited 1 branch of the dungeon, and saw 5 of its levels.
You also visited: Ossuary.

You collected 136 gold pieces.

Inventory:

Hand Weapons
 a - a +1 dagger (weapon)
Missiles
 m - 19 sling bullets
 n - 7 curare-tipped darts (quivered)
Armour
 b - a +0 robe (worn)
 q - a scarf of cloud immunity (worn)
Scrolls
 c - 3 scrolls of remove curse {unknown}
 f - a scroll of enchant armour {unknown}
 g - a scroll of amnesia {unknown}
 h - 7 scrolls of identify {unknown}
 k - a scroll of fear {unknown}
 p - a scroll of teleportation {unknown}
Potions
 e - 2 potions of curing {unknown}
 i - a potion of degeneration {unknown}
 j - 3 potions of agility {unknown}
 l - 3 potions of flight {unknown}
 o - 2 potions of heal wounds {unknown}
Comestibles
 d - 5 rations


   Skills:
 - Level 1.1 Short Blades
 + Level 5.2 Dodging
 * Level 8.1 Stealth
 + Level 4.4 Spellcasting
 + Level 5.0 Hexes


You had 4 spell levels left.
You knew the following spells:

 Your Spells              Type           Power        Failure   Level  Hunger
a - Corona                Hex            ###....      1%          1    None
b - Ensorcelled Hibernat  Hex/Ice        ##....       9%          2    ##.....
c - Confuse               Hex            ###.....     5%          3    ###....
d - Tukima's Dance        Hex            ###.....     5%          3    ###....

Your spell library contained the following spells:

 Spells                   Type           Power        Failure   Level  Hunger
 Dazzling Flash           Conj/Hex       ##....       16%         3    ###....


Dungeon Overview and Level Annotations

Branches:
Dungeon (6/15)            Ossuary (1/1)
 Temple: D:4-7

Altars:


Innate Abilities, Weirdness & Mutations

You are very small and have problems with some larger weapons.
You are too small for most types of armour.
You have supernaturally acute eyesight. (SInv)
You are a herbivore.
You cover ground extremely quickly.
You need to consume almost no food.


Message History

A poisoned dart shoots out and misses you.
There is a dart trap here.
Casting: Ensorcelled Hibernation (safe; 9% risk of failure)
Confirm with . or Enter, or press ? or * to list all spells.
Aiming: Confuse (safe; 5% risk of failure)
Press: ? - help, Shift-Dir - straight line, f - adder zombie
Aim: an adder zombie (severely damaged, chance to defeat MR: 67%)
Okay, then.
The adder zombie bites you but does no damage.
You closely miss the adder zombie.
The adder zombie is severely damaged.
The adder zombie closely misses you.
You hit the adder zombie.
The adder zombie is almost destroyed.
The adder zombie bites you.
* * * LOW HITPOINT WARNING * * *
You barely miss the adder zombie.
The adder zombie is almost destroyed.
The big kobold zombie hits you.
You die...

###+# #...#
#...# #...#
#..Z# ###Z#
#^ZZ# #.^@#
#^^^# #^^^#
###'# #^^^#
##########^.^#
#!!!!#...#..^#
+!/[!#.∩.'..^#
#!?!?#...#..∩#


You could see an adder zombie, a big kobold zombie and 2 orc zombies.

Vanquished Creatures
  2 bullfrogs
  Natasha (thrice) (D:3)
  An orc wizard (D:3)
  7 adders
  2 oozes (D:2)
  An adder zombie (Ossuary)
  2 worms (D:2)
  3 dart slugs
  4 leopard geckos
  10 orcs
  7 giant cockroaches
  7 goblins
  7 hobgoblins
  5 kobolds
  7 bats
  4 frilled lizards
  A hobgoblin zombie (Ossuary)
  7 rats
80 creatures vanquished.

Notes
Turn   | Place    | Note
-------+----------+-------------------------------------------
     0 | D:1      | MoonlitKnight the Spriggan Enchanter began the quest for
                  | the Orb.
     0 | D:1      | Reached XP level 1. HP: 9/9 MP: 5/5
   294 | D:1      | Reached XP level 2. HP: 12/13 MP: 6/6
   298 | D:1      | Learned a level 2 spell: Ensorcelled Hibernation
   465 | D:1      | Reached skill level 5 in Stealth
  1021 | D:2      | Reached XP level 3. HP: 16/16 MP: 3/8
  1185 | D:2      | Reached XP level 4. HP: 19/21 MP: 10/10
  1212 | D:2      | Reached skill level 6 in Stealth
  1648 | D:3      | Learned a level 3 spell: Confuse
  1652 | D:3      | Learned a level 3 spell: Tukima's Dance
  1775 | D:3      | Reached XP level 5. HP: 20/24 MP: 2/11
  2201 | D:3      | Noticed Natasha
  2501 | D:3      | Killed Natasha
  2734 | D:3      | Noticed Natasha
  2751 | D:3      | Killed Natasha
  2751 | D:3      | Reached skill level 7 in Stealth
  3271 | D:3      | Noticed Natasha
  3284 | D:3      | Killed Natasha
  3648 | D:4      | Reached skill level 5 in Dodging
  3648 | D:4      | Reached XP level 6. HP: 28/28 MP: 9/13
  3661 | D:4      | You fall into a shaft and drop 2 floors!
  3729 | D:6      | Reached skill level 8 in Stealth
  3729 | D:6      | Reached skill level 5 in Hexes
  3810 | D:6      | Found a sand-covered staircase.
  3815 | Ossuary  | Entered an ossuary
  3882 | Ossuary  | Slain by a big kobold zombie

Levels and vault maps discovered:
D:1:      lemuel_arrival_room, layout_loops_ring
D:2:      layout_loops_cross, first_ration
D:3:      layout_basic, uniq_natasha
D:4:      layout_rooms, grunt_temple_overflow_open
D:6:      layout_loops_ring, makhleb_blood_cavern_becter, serial_shops, shop,
          enter_ossuary_2
Ossuary:  ossuary_tomb_2

Skill      XL: |  1  2  3  4  5  6 |
---------------+-------------------+-----
Stealth        | 5 6 7 8 |  8.1
Spellcasting   | 3 4 |  4.4
Hexes          | 4 5 |  5.0
Dodging        | 4 5 |  5.2
Short Blades   | |  1.1

Action                   |  1- 3 |  4- 6 || total
-------------------------+-------+-------++-------
Melee: Dagger            |   106 |   161 ||   267
 Cast: Ensorcelled Hiber |    10 |    37 ||    47
       Confuse           |       |     2 ||     2
       Corona            |       |     1 ||     1
 Stab: Sleeping          |    19 |    31 ||    50
       Confused          |       |     1 ||     1
  Eat: Ration            |       |     2 ||     2
Armor: Robe              |     9 |    12 ||    21
Dodge: Dodged            |    82 |   121 ||   203

Table legend:
 A = Non-vault XP
 B = Vault XP
 C = Vault XP percentage of total XP
 D = Non-vault monster count
 E = Vault monster count
 F = Vault count percentage of total count
                 A         B        C        D         E       F
            +---------+---------+-------+---------+---------+-------
      Total |     522 |      42 |   7.4 |      77 |       3 |   3.8
            +---------+---------+-------+---------+---------+-------
        D:1 |      34 |       0 |   0.0 |      20 |       0 |   0.0
        D:2 |     121 |       0 |   0.0 |      26 |       0 |   0.0
        D:3 |     139 |      35 |  20.1 |      19 |       1 |   5.0
        D:4 |     108 |       0 |   0.0 |       7 |       0 |   0.0
        D:6 |     120 |       0 |   0.0 |       5 |       0 |   0.0
    Ossuary |       0 |       7 | 100.0 |       0 |       2 | 100.0
            +---------+---------+-------+---------+---------+-------
